 Dungeon Crawl Stone Soup version 0.20.1-1-g8b1a95d (webtiles) character file.

644 Zedayar the Ruffian (level 7, -5/68 HPs)
             Began as a Troll Berserker on Aug 17, 2017.
             Was a Believer of Trog.
             Slain by a slave (8 damage)
             ... led by Pikel
             ... on level 6 of the Dungeon.
             The game lasted 00:23:52 (2532 turns).

Zedayar the Ruffian (Troll Berserker)               Turns: 2532, Time: 00:23:56

Health: -5/68      AC:  5    Str: 28    XL:     7   Next: 26%
Magic:  6/6        EV: 11    Int:  3    God:    Trog [**....]
Gold:   230        SH:  0    Dex:  9    Spells: 6/6 levels left

rFire    . . .     SeeInvis .   u - +5 trident of the Moth {pierce, rC++}
rCold    + + .     Gourm    +   (no shield)
rNeg     . . .     Faith    .   a - +0 animal skin
rPois    .         Spirit   .   (helmet restricted)
rElec    .         Reflect  .   (no cloak)
rCorr    .         Harm     .   (gloves unavailable)
MR       .....                  (boots unavailable)
Stlth    +.........             (no amulet)
Regen    0.7/turn               (no ring)
MPRegen  0.1/turn               (no ring)

@: no status effects
A: unfitting armour, claws 3, fast metabolism 3, gourmand, regeneration 1,
shaggy fur 1, tough skin 2
a: Berserk, Trog's Hand, Burn Spellbooks, Renounce Religion


You were on level 6 of the Dungeon.
You worshipped Trog.
Trog was pleased with you.
You were not hungry.

You visited 1 branch of the dungeon, and saw 6 of its levels.

You collected 230 gold pieces.

Inventory:

Hand Weapons
 f - a +4 hand axe of electrocution
 u - the +5 trident of the Moth (weapon) {pierce, rC++}
   (You found it on level 4 of the Dungeon)

   It inflicts extra damage upon your enemies.
   It greatly protects you from cold.
 x - a +0 giant spiked club
Armour
 a - a +0 animal skin (worn)
Jewellery
 d - an uncursed ring of protection from fire {unknown}
 w - a +5 ring of intelligence {unknown}
Wands
 h - a wand of lightning (3/15)
 s - a wand of flame (12/48)
Scrolls
 i - 2 scrolls of blinking {unknown}
 k - a scroll of recharging {unknown}
 l - 3 scrolls of identify {unknown}
 m - a scroll of fear {unknown}
 n - a scroll of immolation {unknown}
 r - a scroll of amnesia {unknown}
 t - 2 scrolls of remove curse {unknown}
 v - 2 scrolls of fog {unknown}
Potions
 c - a potion of heal wounds {unknown}
 e - a potion of curing {unknown}
 g - 2 potions of degeneration {unknown}
 j - a potion of haste {unknown}
 o - a potion of might {unknown}
 p - 2 potions of lignification {unknown}
 q - a potion of brilliance {unknown}
Comestibles
 b - 2 meat rations
 A - a royal jelly


   Skills:
 + Level 3.7 Fighting
 + Level 2.7(3.2) Axes
 + Level 2.4(3.0) Polearms
 + Level 3.9 Dodging
 + Level 0.5 Stealth
 + Level 4.3 Unarmed Combat


You had 6 spell levels left.
You didn't know any spells.

Dungeon Overview and Level Annotations

Branches:
Dungeon (6/15)
 Temple: D:4-7

Altars:
Ru

Annotations:
D:6 Pikel


Innate Abilities, Weirdness & Mutations

You are too large for most types of armour.
You have claws for hands.
Your metabolism is lightning-fast.
You like to eat raw meat.
Your natural rate of healing is unusually fast.
You are covered in fur. (AC +1)
You have very tough skin. (AC +2)


Message History

* * * LOW HITPOINT WARNING * * *
Things that are here:
an uncursed shortbow of freezing; 16 arrows You puncture Pikel!
Pikel is lightly wounded.
Pikel closely misses you.
You closely miss Pikel.
Pikel is lightly wounded.
Pikel hits you but does no damage. The slave hits you but does no damage.
You closely miss Pikel.
Pikel is lightly wounded.
Pikel completely misses you.
You hit the slave.
The slave is heavily wounded.
Pikel hits you with a whip of flaming.
* * * LOW HITPOINT WARNING * * *
Pikel burns you.
* * * LOW HITPOINT WARNING * * *
The slave hits you!
You die...

#.##...#.....#(##.###..
#>###.###...##.# # #.#
#.# ##.###.# #.# #.#
#.# #.# #.# #.# #.# #.#
#.# #p# #.###.##
#.###.# ##)..(<.#
#.##..# #.Kp..#.......
#....## #p@p....#.....
###.[.......##........
#$.####...# ###.....
#..# #.#.# #.... #..#
#.#.# #. . #<.# #.#.#
.. #... .. .. #... #.
##


You could see Pikel and 3 slaves.

Vanquished Creatures
  A slave (D:6)
  2 ogres (D:5)
  A centaur (D:6)
  A bullfrog (D:6)
  A crimson imp (D:6)
  A hound (D:6)
  An orc priest (D:4)
  2 iguanas (D:4)
  3 orc wizards
  A worker ant (D:5)
  3 adders
  2 worms
  2 leopard geckos
  7 orcs
  3 giant cockroaches
  2 goblins
  3 hobgoblins
  11 jackals
  A ball python (D:5)
  4 bats
  A frilled lizard (D:1)
  3 kobolds
  A quokka zombie (D:5)
  6 rats
  4 bushes (D:3)
  3 plants (D:3)
70 creatures vanquished.

Notes
Turn   | Place    | Note
-------+----------+-------------------------------------------
     0 | D:1      | Zedayar the Troll Berserker began the quest for the Orb.
     0 | D:1      | Reached XP level 1. HP: 22/22 MP: 0/0
     8 | D:1      | Noticed a basilisk
     8 | D:1      | Noticed a tyrant leech
     8 | D:1      | Noticed a worker ant
     9 | D:1      | Noticed a hell rat
     9 | D:1      | Noticed a yaktaur
   336 | D:1      | Reached XP level 2. HP: 24/29 MP: 1/1
   743 | D:3      | Reached XP level 3. HP: 25/36 MP: 2/2
   870 | D:3      | Reached ** piety under Trog
  1011 | D:3      | Reached XP level 4. HP: 36/44 MP: 3/3
  1446 | D:4      | Reached skill level 4 in Unarmed Combat
  1455 | D:4      | Reached skill level 1 in Axes
  1455 | D:4      | Reached XP level 5. HP: 24/52 MP: 4/4
  1614 | D:4      | Found a sacrificial altar of Ru.
  1634 | D:4      | Got a translucent trident
  1635 | D:4      | Identified the +5 trident of the Moth {pierce, rC++} (You found it on level 4 of the Dungeon)
  1857 | D:5      | Entered Level 5 of the Dungeon
  1857 | D:5      | Noticed an ogre
  1863 | D:5      | Killed an ogre
  1863 | D:5      | Reached XP level 6. HP: 33/61 MP: 5/5
  1921 | D:5      | Reached skill level 1 in Polearms
  2341 | D:6      | Reached XP level 7. HP: 20/67 MP: 6/6
  2493 | D:6      | Noticed Pikel
  2532 | D:6      | HP: 3/68 [Pikel/whip of flaming (2)]
  2532 | D:6      | Slain by a slave

Skill      XL: |  1  2  3  4  5  6  7 |
---------------+----------------------+-----
Dodging        | 3 |  3.9
Unarmed Combat | 4 |  4.3
Axes           | 1 2 |  2.7
Fighting       | 3 |  3.7
Polearms       | 1 2 |  2.4
Stealth        | |  0.5

Action                   |  1- 3 |  4- 6 |  7- 9 || total
-------------------------+-------+-------+-------++-------
Melee: Unarmed           |    29 |       |       ||    29
       War axe           |   105 |       |       ||   105
       Whip              |     3 |       |       ||     3
       Hand axe          |    23 |    87 |       ||   110
       Punch             |     5 |     5 |       ||    10
       Trident           |       |    48 |    24 ||    72
 Stab: Sleeping          |     1 |       |       ||     1
  Eat: Bread ration      |     2 |     1 |     1 ||     4
       Meat ration       |       |     1 |       ||     1
Armor: Animal skin       |    40 |    39 |    11 ||    90
Dodge: Dodged            |    50 |    75 |    31 ||   156
